 Dungeon Crawl Stone Soup version 0.22-a0-423-g4197694 (webtiles) character file.

235 emperorscorpion the Chopper (level 5, -1/46 HPs)
             Began as a Minotaur Fighter on May 23, 2018.
             Was an Initiate of Ru.
             Slain by a killer bee (2 damage)
             ... on level 6 of the Dungeon.
             The game lasted 00:03:06 (1537 turns).

emperorscorpion the Chopper (Minotaur Fighter)      Turns: 1537, Time: 00:03:07

Health: -1/46      AC:  8    Str: 26    XL:     5   Next: 76%
Magic:  4/4        EV:  8    Int:  5    God:    Ru [......]
Gold:   79         SH:  0    Dex: 10    Spells: 4/4 levels left

rFire    . . .     SeeInvis .   a - +0 war axe
rCold    . . .     Gourm    .   c - +0 shield
rNeg     . . .     Faith    .   b - +0 scale mail
rPois    .         Spirit   .   (helmet restricted)
rElec    .         Reflect  .   (no cloak)
rCorr    .         Harm     .   (no gloves)
MR       .....                  r - +0 pair of boots
Stlth    ..........             (no amulet)
HPRegen  0.15/turn              (no ring)
MPRegen  0.09/turn              (no ring)

@: confused, mighty, lethally poisoned (-1 -> -18), flying
A: retaliatory headbutt, horns 2
a: Renounce Religion


You were on level 6 of the Dungeon.
You worshipped Ru.
Ru was noncommittal.
You were not hungry.

You visited 1 branch of the dungeon, and saw 7 of its levels.

You collected 79 gold pieces.

Inventory:

Hand Weapons
 a - a +0 war axe (weapon)
Missiles
 h - 6 tomahawks (quivered)
 i - 38 sling bullets
 j - 57 stones
 k - 8 javelins
 s - 14 bolts
 t - 13 poisoned needles
Armour
 b - a +0 scale mail (worn)
 c - a +0 shield (worn)
 r - a +0 pair of boots (worn)
Wands
 q - a wand of random effects (16)
Scrolls
 e - 2 scrolls of teleportation {unknown}
 n - 2 scrolls of fog {unknown}
 o - a scroll of fear {unknown}
 p - a scroll of random uselessness {unknown}
 u - a scroll of blinking {unknown}
Potions
 l - a potion of ambrosia
Comestibles
 f - 2 rations
 g - a chunk of flesh


   Skills:
 + Level 4.2 Fighting
 + Level 5.3 Axes
 + Level 4.5 Armour
 + Level 1.2 Dodging
 + Level 0.1 Stealth
 + Level 4.7 Shields


You had 4 spell levels left.
You didn't know any spells.
Your spell library was empty.

Dungeon Overview and Level Annotations

Branches:
Dungeon (7/15)             Temple (0/1) D:6

Altars:
Ru
Trog


Innate Abilities, Weirdness & Mutations

You reflexively headbutt those who attack you in melee.
You have a pair of horns on your head.


Message History

You block the killer bee's attack.
You fly upwards.
* * * LOW HITPOINT WARNING * * *
You feel very sick.
There is a stone staircase leading down here.
You are confused.
You feel invigorated.
* * * LOW HITPOINT WARNING * * *
You feel sick. The killer bee closely misses you. The killer bee stings you.
* * * LOW HITPOINT WARNING * * *
You're too confused to move!
* * * LOW HITPOINT WARNING * * *
You feel sick. The killer bee barely misses you.
The killer bee stings you but does no damage.
You barely miss the killer bee.
* * * LOW HITPOINT WARNING * * *
You feel sick. The killer bee stings you.
* * * LOW HITPOINT WARNING * * *
The killer bee stings you.
You die...

#####<#.....# ...
#....###.#### #.#
#.###.#.## #.# #.# ##.##
###.#####
#.#############.......#
#....##.......#....[..#
####.##..........###[.##
####.##..................
#............@y..........
#.##.##..........<.#.....
#.
...##>...>..........###
#..#####.....#######...#
#........###.# .#.# #
.......# #.# .#.#
.####.## #.# # .. ..# ##.


You could see a killer bee.

Vanquished Creatures
  A killer bee (D:7)
  A howler monkey (D:4)
  A jelly (D:6)
  6 adders
  A worm (D:2)
  A leopard gecko (D:4)
  An orc (D:3)
  3 giant cockroaches
  4 goblins
  4 hobgoblins (D:2)
  15 jackals
  2 quokkas
  2 ball pythons (D:3)
  5 bats
  3 frilled lizards
  5 kobolds
  A quokka skeleton (D:4)
  8 rats
64 creatures vanquished.

Notes
Turn   | Place    | Note
-------+----------+-------------------------------------------
     0 | D:1      | emperorscorpion the Minotaur Fighter began the quest for the Orb.
     0 | D:1      | Reached XP level 1. HP: 19/19 MP: 0/0
   153 | D:2      | Reached XP level 2. HP: 27/27 MP: 1/1
   268 | D:2      | Reached skill level 3 in Axes
   327 | D:2      | Reached XP level 3. HP: 22/33 MP: 2/2
   759 | D:3      | Reached skill level 4 in Axes
   759 | D:3      | Reached XP level 4. HP: 36/40 MP: 3/3
  1181 | D:4      | Reached XP level 5. HP: 43/46 MP: 4/4
  1183 | D:4      | Reached skill level 1 in Dodging
  1232 | D:4      | Found a bloodstained altar of Trog.
  1232 | D:4      | Found a sacrificial altar of Ru.
  1236 | D:4      | Became a worshipper of Ru the Awakened
  1362 | D:5      | Entered Level 5 of the Dungeon
  1438 | D:6      | Found a staircase to the Ecumenical Temple.
  1502 | D:6      | Reached skill level 5 in Axes
  1531 | D:7      | Noticed an orc warrior
  1534 | D:6      | HP: 2/46 [poisoned by a killer bee]
  1537 | D:6      | Slain by a killer bee

Vault maps used:
D:1:      onia_arrival_larder
D:2:      overflow_temple_1_default, minmay_misc_feat_tower
D:3:      gammafunk_temple_overflow_arena, first_ration, serial_park_tiny_1,
          saegor_snake_ambush
D:4:      old_standard_altar, gammafunk_temple_overflow_wave,
          lightli_ossuary_entry_decrepit_ruins
D:5:      grunt_temple_overflow_growth_and_decay, lemuel_doored_altar
D:6:      dancing_weapons_uskayaw, minmay_temple_entry_mist, basic_altar

Skill      XL: |  1  2  3  4  5 |
---------------+----------------+-----
Shields        | 4 |  4.7
Axes           | 3 4 5 |  5.3
Armour         | 4 |  4.5
Fighting       | 4 |  4.2
Dodging        | 1 |  1.2
Stealth        | |  0.1

Action                   |  1- 3 |  4- 6 || total
-------------------------+-------+-------++-------
Melee: War axe           |    83 |    43 ||   126
       Headbutt          |    12 |     5 ||    17
  Use: Potion            |       |     4 ||     4
  Eat: Chunk             |       |     2 ||     2
Armor: Scale mail        |    43 |    42 ||    85
Dodge: Dodged            |    25 |    35 ||    60
Block: Shield            |    57 |    28 ||    85

Table legend:
 A = Spawn XP
 B = Non-spawn XP
 C = Spawn XP percentage of total XP
 D = Spawn monster count
 E = Non-spawn monster count
 F = Spawn count percentage of total count
 G = Total turns spent on level
                    A         B        C        D         E        F      G
               +---------+---------+-------+---------+---------+-------+---------
         Total |       0 |     337 |   0.0 |       0 |      64 |   0.0 |  1537
               +---------+---------+-------+---------+---------+-------+---------
           D:1 |       0 |      12 |   0.0 |       0 |       9 |   0.0 |   184
           D:2 |       0 |      34 |   0.0 |       0 |      18 |   0.0 |   399
           D:3 |       0 |      94 |   0.0 |       0 |      28 |   0.0 |   571
           D:4 |       0 |      77 |   0.0 |       0 |       5 |   0.0 |   208
           D:5 |       0 |       1 |   0.0 |       0 |       1 |   0.0 |    76
           D:6 |       0 |      56 |   0.0 |       0 |       2 |   0.0 |    60
           D:7 |       0 |      63 |   0.0 |       0 |       1 |   0.0 |    39
               +---------+---------+-------+---------+---------+-------+---------
